 Dungeon Crawl Stone Soup version 0.29-a0-617-g7a6b98fccd (webtiles) character file.

Game seed: 10261986829947973764

18 enile the Stinger (level 2, 0/17 HPs)
             Began as an Octopode Venom Mage on June 18, 2022.
             Was a Follower of Zin.
             Slain by an orc
             ... wielding a +0 flail
              (8 damage)
             ... on level 2 of the Dungeon.
             The game lasted 00:00:51 (1251 turns).

enile the Stinger (Octopode Venom Mage)             Turns: 1251, Time: 00:00:52

Health: 0/17       AC:  1    Str:  7    XL:     2   Next: 66%
Magic:  4/5        EV: 13    Int: 17    God:    Zin [*.....]
Gold:   28         SH:  0    Dex: 12    Spells: 4/5 levels left

rFire   . . .      SeeInvis .   e - +0 dagger (venom)
rCold   . . .      Faith    .   (no shield)
rNeg    . . .      Spirit   .   (helmet restricted)
rPois   .          Reflect  .   (no amulet)
rElec   .          Harm     .   (no ring)
rCorr   .          Rampage  .   (no ring)
Will    .....                   (no ring)
Stlth   +++.......              (no ring)
HPRegen 0.05/turn               (no ring)
MPRegen 0.09/turn               (no ring)
                                (no ring)
                                (no ring)

@: no status effects
A: almost no armour, amphibious, 8 rings, camouflage 1, gelatinous body 1,
(nimble swimmer 1), tentacles
a: Renounce Religion, Recite, Donate Gold


You were on level 2 of the Dungeon.
You worshipped Zin.
Zin was aware of your devotion.
You visited 1 branch of the dungeon, and saw 2 of its levels.

You collected 31 gold pieces.
You donated 3 gold pieces to Zin.

Inventory:

Hand Weapons
 b - a +0 dagger
 e - a +0 dagger of venom (weapon)
Scrolls
 f - a scroll of enchant weapon {unknown}
 i - 2 scrolls of poison {unknown}
 j - a scroll of silence {unknown}
 l - a scroll of teleportation {unknown}
Potions
 a - a potion of magic
 c - 4 potions of curing {unknown}
 d - a potion of haste {unknown}
 g - 2 potions of attraction {unknown}
 h - 2 potions of mutation {unknown}
 k - a potion of berserk rage {unknown}


   Skills:
 + Level 2.2 Dodging
 + Level 3.1 Stealth
 + Level 2.2 Spellcasting
 + Level 1.3 Transmutations
 + Level 3.8 Poison Magic


You had 4 spell levels left.
You knew the following spells:

 Your Spells              Type           Power      Damage    Failure   Level
a - Sting                 Tmut/Pois      40%        1d5       6%          1

Your spell library contained the following spells:

 Spells                   Type           Power      Damage    Failure   Level
 Poisonous Vapours        Pois/Air       16%        N/A       13%         2
 Mephitic Cloud           Conj/Pois/Air  6%         N/A       32%         3
 Olgreb's Toxic Radiance  Pois           15%        N/A       36%         4
 Tukima's Dance           Hex            1%         N/A       50%         3
 Passage of Golubria      Tloc           1%         N/A       88%         4
 Yara's Violent Unravell  Hex/Tmut       2%         3d3       99%         5


Dungeon Overview and Level Annotations

Branches:
Dungeon (2/15)

Altars:
Zin


Innate Abilities, Weirdness & Mutations

You cannot wear most types of armour.
You are amphibious.
You can wear up to eight rings at the same time.
Your skin changes colour to match your surroundings (Stealth+).
Your rubbery body absorbs attacks. (AC +1, EV +1)
((You are camouflaged when in or above water. (Stealth+)))
You have tentacles for arms and can constrict up to eight enemies at once.


Message History

Found a silvery potion.
Found an escape hatch in the floor.
There is a stone staircase leading up here.
A bat is nearby!
A bat is nearby!
A bat is nearby!
You hit the bat.
The bat is poisoned.
Your grab misses the bat.
The bat is severely wounded.
You kill the bat!
c - 4 silvery potions (gained 1)
l - a scroll labelled ISKEWA JIEVU A frilled lizard comes into view.
A frilled lizard is nearby!
Found a club.
The helpless frilled lizard fails to defend itself.
You puncture the frilled lizard!
You kill the frilled lizard! 2 orcs come into view.
The orc shouts!
You hear a shout!
The orc shouts!
An orc comes into view. It is wielding a +0 club.
The orc moves out of view.
There are monsters nearby!
There are monsters nearby!
There are monsters nearby! 2 orcs come into view.
Found a scroll labelled ISKEWA JIEVU.
The orc moves out of view.
Casting: Sting (safe; 6% risk of failure)
Confirm with . or Enter, or press ? or * to list all spells.
Aiming: Sting (safe; 6% risk of failure)
Press: ? - help, Shift-Dir - straight line, f - orc
Aim: an orc, wielding a +0 flail and wearing a +0 leather armour (71% to hit)
The sting hits the orc but does no damage.
The orc is poisoned.
The orc shouts!
You hit the orc.
The orc looks even sicker.
Your grab misses the orc. Your squeeze misses the orc.
The orc is moderately wounded.
The orc hits you with a +0 flail!
Ouch! That really hurt!
The orc attacks as you move away! The orc hits you with a +0 flail!
You die...

.# ?.#. ..# #...#. ..#
...#.#...# #... #..
..#...#.. ..#.. .#
..###.....###...#.
....#).#.....#..#....
..#o.o#.....#...#...
.....#@#...#.#......
...#...#.#...#.....
....................#.
#####.#.†###.##........
#.#..# #.##.#####.#
#.#..# #....#####.#
#.#..###..#....##.#
#...........##.#...
##..#####..##.#...


You could see 2 orcs.

Vanquished Creatures
  3 ball pythons (D:1)
  2 bats
  An endoplasm (D:1)
  2 giant cockroaches (D:1)
  A hobgoblin (D:1)
  A kobold (D:1)
  2 quokkas (D:1)
  3 frilled lizards
  A rat (D:1)
16 creatures vanquished.

Notes
Turn   | Place    | Note
-------+----------+-------------------------------------------
     0 | D:1      | enile the Octopode Venom Mage began the quest for the Orb.
     0 | D:1      | Reached XP level 1. HP: 11/11 MP: 3/3
   347 | D:1      | Reached XP level 2. HP: 3/17 MP: 0/5
   709 | D:1      | Found a faded altar of an unknown god.
   722 | D:1      | Prayed at the altar of an unknown god.
   722 | D:1      | Became a worshipper of Zin the Law-Giver
   722 | D:1      | Reached * piety under Zin
  1251 | D:2      | Slain by an orc

Illustrated notes

Levels and vault maps discovered:
D:1:      ebering_trefoil_3fold, layout_loops_ring,
          chequers_ecumenical_altar_simple
D:2:      minmay_alternating_diamond, layout_loops_ring, serial_shops,
          nicolae_shop_crystal, minmay_splitting_lines

Skill      XL: |  1  2 |
---------------+-------+-----
Stealth        | 3 |  3.1
Dodging        | |  2.2
Spellcasting   | |  2.2
Transmutations | |  1.3
Poison Magic   | |  3.8

Action                   || total
-------------------------++-------
Melee: Dagger            ||    26
       Constrict         ||     3
       Tentacles         ||     3
 Cast: Sting             ||     8
 Stab: Sleeping          ||     4
Armor: Skin              ||     1
Dodge: Dodged            ||    19

Table legend: (Time is in decaauts)
 A = Elapsed time spent in this place.
 B = Non-inter-level travel time spent in this place.
 C = Inter-level travel time spent in this place.
 D = Time resting spent in this place.
 E = Time spent auto-exploring this place.
 F = Levels seen in this place.
 G = Mean time per level.
                   A        B        C        D        E       F      G
               +--------+--------+--------+--------+--------+-----+--------+
         Total |   1249 |   1226 |     23 |      0 |   1101 |   2 |  624.5 |
       Dungeon |   1249 |   1226 |     23 |      0 |   1101 |   2 |  624.5 |
               +--------+--------+--------+--------+--------+-----+--------+

Top non-repeatable levels by time:
     D:1: 1217 daAuts
     D:2: 32 daAuts
